 Dungeon Crawl Stone Soup version 0.23.1 (webtiles) character file.

Game seed: 7190168077025862571

54 Irenicus the Digger (level 3, -3/28 HPs)
             Began as a Deep Dwarf Earth Elementalist on Mar 7, 2019.
             Slain by a worm (10 damage)
             ... on level 2 of the Dungeon.
             The game lasted 00:05:10 (609 turns).

Irenicus the Digger (Deep Dwarf Earth Elementalist)  Turns: 609, Time: 00:05:11

Health: -3/28      AC:  3    Str: 16    XL:     3   Next: 66%
Magic:  1/6        EV: 12    Int: 16    God:
Gold:   22         SH:  0    Dex: 13    Spells: 3/6 levels left

rFire    . . .     SeeInvis .   k - +1 dagger (venom)
rCold    . . .     Gourm    .   (no shield)
rNeg     . . .     Faith    .   l - +0 leather armour
rPois    .         Spirit   .   (no helmet)
rElec    .         Reflect  .   (no cloak)
rCorr    .         Harm     .   (no gloves)
MR       .....                  (no boots)
Stlth    ++........             (no amulet)
HPRegen  0.00/turn              (no ring)
MPRegen  0.10/turn              (no ring)

@: mighty, non-regenerating
A: damage resistance, heal wounds, sense surroundings 1, no regeneration
a: Heal Wounds


You were on level 2 of the Dungeon.
You were not hungry.

You visited 1 branch of the dungeon, and saw 2 of its levels.

You collected 22 gold pieces.

Inventory:

Hand Weapons
 k - a +1 dagger of venom (weapon)
   (You found it on level 1 of the Dungeon)
Missiles
 b - 61 stones (quivered)
Armour
 l - a +0 leather armour (worn)
   (You found it on level 1 of the Dungeon)
Scrolls
 a - 2 scrolls of identify
 h - a scroll of fog {unknown}
Comestibles
 d - 4 rations


   Skills:
 - Level 2.3 Dodging
 - Level 2.7 Stealth
 - Level 2.0 Spellcasting
 - Level 0.8 Transmutations
 + Level 5.8 Earth Magic


You had 3 spell levels left.
You knew the following spells:

 Your Spells              Type           Power        Failure   Level  Hunger
a - Sandblast             Erth           ###...       2%          1    #......
w - Passwall              Tmut/Erth      ##......     10%         2    ###....

Your spell library contained the following spells:

 Spells                   Type           Power        Failure   Level  Hunger
 Stone Arrow              Conj/Erth      ##....       22%         3    ###....
 Petrify                  Tmut/Erth      ##......     54%         4    #####..
 Lee's Rapid Deconstruct  Erth           ###.......   54%         5    ######.


Dungeon Overview and Level Annotations

Branches:
Dungeon (2/15)

Altars:

Annotations:
D:2 Terence


Innate Abilities, Weirdness & Mutations

You are resistant to damage.
You can heal yourself by infusing magical energy.
You passively map a small area around you.
You do not regenerate.


Message History

You closely miss the jackal. The jackal bites you.
The jackal bites you but does no damage.
The jackal bites you. x2
You hit the jackal. The jackal bites you. The jackal misses you.
The jackal barely misses you. The jackal closely misses you. x2
It was a potion of curing.
You feel better.
The jackal bites you but does no damage.
The jackal closely misses you. x2
The jackal bites you but does no damage.
The jackal barely misses you.
The jackal bites you but does no damage.
The jackal bites you.
Health restored: 28 Unknown command.
You feel very mighty all of a sudden. The jackal closely misses you.
The jackal bites you but does no damage.
The jackal bites you. The jackal barely misses you.
A worm comes into view.
The jackal misses you.
You closely miss the jackal.
The jackal bites you but does no damage.
The jackal bites you. The jackal misses you.
Terence says, "How do you enjoy it?" The jackal misses you.
The jackal barely misses you.
The jackal bites you but does no damage.
The jackal barely misses you.
You barely miss the jackal. The jackal closely misses you.
The jackal misses you. x2; The jackal barely misses you.
You completely miss the jackal.
The jackal bites you but does no damage.
The jackal closely misses you. The jackal bites you.
The jackal closely misses you.
Terence hits you from afar with a +0 trident.
The jackal bites you but does no damage.
You closely miss the jackal.
The jackal bites you but does no damage.
The jackal closely misses you. The jackal misses you. x2
The jackal bites you but does no damage.
The jackal closely misses you. Terence barely misses you.
The jackal barely misses you.
You closely miss the jackal.
The jackal bites you but does no damage.
The jackal bites you. The jackal closely misses you.
The jackal bites you but does no damage.
Terence closely misses you. The jackal barely misses you.
You puncture the jackal!
You kill the jackal!
The jackal bites you. The jackal closely misses you.
The jackal bites you but does no damage.
Terence completely misses you. The jackal barely misses you. x2
You closely miss the rat. The jackal misses you.
The jackal bites you but does no damage. x2
The rat closely misses you.
Terence shouts, "DIE!!!"
Terence hits you from afar with a +0 trident.
You take 1 damage, and have 27/28 hp.
You puncture the rat!
You kill the rat!
The jackal closely misses you.
The jackal bites you but does no damage.
The jackal barely misses you. The jackal misses you. The jackal bites you.
The jackal misses you. Terence hits you with a +0 trident!
The jackal misses you. The jackal closely misses you.
The jackal bites you but does no damage.
You see here a rat corpse.
You take 6 damage, and have 21/28 hp.
MASSIVE DAMAGE!!
Aim: a worm
Okay, then.
Aim: a jackal (severely wounded)
Okay, then.
You hit the worm.
The worm is poisoned.
The jackal barely misses you. Terence closely misses you.
The jackal closely misses you.
The jackal bites you but does no damage.
The jackal bites you. The worm barely misses you.
Aim: a worm (lightly wounded, poisoned)
The blast of sand hits the worm.
b - 61 stones The jackal bites you.
The jackal closely misses you. Terence hits you with a +0 trident!
The jackal closely misses you.
The jackal bites you but does no damage.
The jackal barely misses you.
You take 6 damage, and have 15/28 hp.
MASSIVE DAMAGE!!
You now have 1/6 mp.
You puncture the worm!
The jackal bites you but does no damage.
Terence bares his teeth.
Terence hits you with a +0 trident. The jackal closely misses you.
The jackal bites you but does no damage.
The worm bites you.
You take 4 damage, and have 11/28 hp.
You barely miss Terence.
The jackal bites you but does no damage.
The jackal barely misses you. The jackal closely misses you.
Terence hits you but does no damage. The jackal bites you.
You closely miss Terence. The jackal barely misses you. The jackal bites you.
The jackal misses you. Terence hits you with a +0 trident.
* * * LOW HITPOINT WARNING * * *
The worm bites you!
You die...

, , ...........* , ,
* .......#.#(### , *
, ... #.(....# ,.
...####.(#r#.# #.. ,
,
#......<.#)#.###....
#........#..........
*
.........##.........
.......w@.........##
, ,
<.....h@hK........#
* *
..#####.h..########
* , . , ###### , , ,
, * ,,


You could see Terence, a worm, 3 jackals and a kobold.

Vanquished Creatures
  A gnoll (D:1)
  2 adders (D:2)
  2 bats (D:1)
  3 giant cockroaches (D:1)
  2 goblins (D:1)
  3 hobgoblins
  3 jackals
  3 kobolds (D:1)
  A quokka (D:2)
  4 frilled lizards (D:1)
  2 rats
26 creatures vanquished.

Notes
Turn   | Place    | Note
-------+----------+-------------------------------------------
     0 | D:1      | Irenicus the Deep Dwarf Earth Elementalist began the quest
                  | for the Orb.
     0 | D:1      | Reached XP level 1. HP: 15/15 MP: 3/3
   174 | D:1      | Reached skill level 2 in Spellcasting
   174 | D:1      | Reached XP level 2. HP: 19/22 MP: 3/5
   184 | D:1      | Learned a level 2 spell: Passwall
   440 | D:1      | HP: 3/22 [gnoll/+0 halberd (14)]
   442 | D:1      | Reached skill level 5 in Earth Magic
   442 | D:1      | Reached XP level 3. HP: 3/28 MP: 2/6
   578 | D:2      | Noticed Terence
   609 | D:2      | HP: 7/28 [Terence/+0 trident (2)]
   609 | D:2      | Slain by a worm

Skill      XL: |  1  2 |
---------------+-------+-----
Spellcasting   | 2 |  2.0
Earth Magic    | 5 |  5.8
Dodging        | |  2.3
Stealth        | |  2.7
Transmutations | |  0.8

Action                   || total
-------------------------++-------
Melee: Mace              ||     8
       Dagger            ||    18
 Cast: Sandblast         ||    36
       Passwall          ||     4
 Abil: Heal Wounds       ||     1
  Use: Scroll            ||     3
       Potion            ||     2
 Stab: Sleeping          ||     1
Armor: Robe              ||     1
       Leather armour    ||    29
Dodge: Dodged            ||    90

Levels and vault maps discovered:
D:1:      roderic_crop_circles_arrival_small, layout_basic
D:2:      layout_basic, minmay_misc_feat_doors, uniq_robin, uniq_terence,
          uniq_natasha

Table legend:
 A = Turns spent in this place as a percentage of turns spent in the entire game.
 B = Non-inter-level travel turns spent in this place as a percentage of non-inter-level travel turns spent in the entire game.
 C = Inter-level travel turns spent in this place as a percentage of turns spent in this place.
 D = Turns resting spent in this place as a percentage of non-inter-level travel turns spent in this place.
 E = Turns spent auto-exploring this place as a percentage of non-inter-level travel turns spent in this place.
 F = Non-inter-level travel turns spent in this place divided by the number of levels of this place that you've seen.
                   A       B       C       D       E      F
               +-------+-------+-------+-------+-------+----------------------
         Total | 100.0 | 100.0 |   0.0 |   0.0 |   0.0 | 304.5
       Dungeon | 100.0 | 100.0 |   0.0 |   0.0 |   0.0 | 304.5
               +-------+-------+-------+-------+-------+----------------------

Table legend:
 A = Kills in this place as a percentage of kills in entire the game.
 B = Kills by you in this place as a percentage of kills by you in the entire game.
 C = Kills by friends in this place as a percentage of kills by friends in the entire game.
 D = Other kills in this place as a percentage of other kills in the entire game.
 E = Experience gained in this place as a percentage of experience gained in the entire game.
 F = Experience gained in this place divided by the number of levels of this place that you have seen.
                   A       B       C       D       E      F
               +-------+-------+-------+-------+-------+----------------------
         Total | 100.0 | 100.0 |   N/A |   N/A | 100.0 |  39.0
       Dungeon | 100.0 | 100.0 |   N/A |   N/A | 100.0 |  39.0
               +-------+-------+-------+-------+-------+----------------------
